 Seeded DCSS version 0.27-a0-1084-g78b3836a5f (webtiles) character file.

Game seed: 20210426 (custom seed)

32556 Snicker the Carver (level 13, -2/96 HPs)
             Began as a Demonspawn Brigand on Apr 26, 2021.
             Was an Initiate of Gozag.
             Slain by a vault guard
             ... wielding a +1 long sword of distortion
              (5 damage)
             ... on level 14 of the Dungeon.
             The game lasted 00:37:17 (17167 turns).

Snicker the Carver (Demonspawn Brigand)            Turns: 17167, Time: 00:37:18

Health: -2/96      AC: 32    Str: 15    XL:     13   Next: 32%
Magic:  0/13       EV:  6    Int: 15    God:    Gozag
Gold:   335        SH: 10    Dex: 17    Spells: 12/12 levels left

rFire    . . .     SeeInvis +   b - +9 great sword of Otapp {vorpal, rC+ rN+ Will-}
rCold    + . .     Faith    .   (shield currently unavailable)
rNeg     + . .     Spirit   +   Q - +15 Maxwell's patent armour {-Cast -Tele rElec Will+ rCorr}
rPois    +         Reflect  .   t - +1 helmet {Int+3}
rElec    +         Harm     .   V - +0 cloak
rCorr    +         Rampage  .   K - +1 pair of gloves {Stlth+}
Will     .....     NoTele   +   (no boots) Stlth +.........NoCast +
                                z - amulet of the acrobat
HPRegen  0.26/turn              Y - ring of see invisible
MPRegen  0.26/turn              Z - ring of poison resistance

@: gold aura
A: hooves 2, large bone plates 2, magic shield, magic regeneration, condensation
shield
a: Renounce Religion, Potion Petition, Call Merchant, Bribe Branch


You were on level 14 of the Dungeon.
You worshipped Gozag.
Gozag was aware of your devotion.
You visited 2 branches of the dungeon, and saw 16 of its levels.

You collected 2544 gold pieces.
You spent 1365 gold pieces at shops.
You paid 844 gold pieces to Gozag.

Inventory:

Hand Weapons
 a - a +2 dagger of venom
 b - the +9 great sword of Otapp (weapon) {vorpal, rC+ rN+ Will-}
   (You bought it in a shop on level 1 of the Dungeon)

   It inflicts extra damage upon your enemies.
   It protects you from cold.
   It protects you from negative energy.
   It decreases your willpower.
 c - the +10 whip "Lilaok" {venom, Drain rC+ Str+4 Dex+2}
   (You found it on level 10 of the Dungeon)

   It poisons the flesh of those it strikes.
   It affects your strength (+4).
   It affects your dexterity (+2).
   It protects you from cold.
   It drains your maximum health when unequipped.
 g - a +4 quarterstaff of chaos
 v - a +2 dagger
 w - a +2 dagger of chaos
 y - a +2 dagger of speed
 O - a +3 scimitar of flaming
Missiles
 d - 83 poisoned darts
 l - 3 curare-tipped darts (quivered)
Armour
 e - a +0 robe
 i - the +1 robe of the Fiddle {MP+9 Str+3 Int-3}
   (You bought it in a shop on level 5 of the Dungeon)

   It affects your strength (+3).
   It affects your intelligence (-3).
   It affects your magic capacity (+9).
 o - a +0 buckler
 t - a +1 helmet of intelligence (worn)
 D - the +1 scale mail "Piber" {Harm rF- Dex+6}
   (You bought it in a shop on level 1 of the Dungeon)

   It affects your dexterity (+6).
   It makes you vulnerable to fire.
   It increases damage dealt and taken.
 K - a +1 pair of gloves of stealth (worn)
 Q - the +15 Maxwell's patent armour (worn) {-Cast -Tele rElec Will+ rCorr}
   (You found it on level 9 of the Dungeon)

   It insulates you from electricity.
   It prevents spellcasting.
   It prevents most forms of teleportation.
   It protects you from acid and corrosion.
   It increases your willpower.
 V - a +0 cloak (worn)
Jewellery
 z - an amulet of the acrobat (around neck)
 C - a ring of positive energy
 L - a ring of wizardry
 Y - a ring of see invisible (left hand)
 Z - a ring of poison resistance (right hand)
Wands
 r - a wand of iceblast (20)
 F - a wand of acid (22)
 G - a wand of polymorph (8)
 H - a wand of charming (10)
Scrolls
 f - a scroll of blinking {unknown}
 h - 3 scrolls of teleportation {unknown}
 k - 6 scrolls of identify
 m - 2 scrolls of summoning {unknown}
 n - a scroll of enchant armour
 p - 4 scrolls of magic mapping
 q - a scroll of brand weapon {unknown}
 s - a scroll of enchant weapon {unknown}
 u - 2 scrolls of acquirement
 A - a scroll of fog {unknown}
 I - 2 scrolls of holy word {unknown}
 U - a scroll of immolation {unknown}
 W - a scroll of vulnerability {unknown}
Potions
 j - 4 potions of flight
 B - 3 potions of might {unknown}
 E - a potion of magic {unknown}
 J - a potion of invisibility {unknown}
 M - 2 potions of brilliance
 S - a potion of degeneration {unknown}
 T - 2 potions of resistance {unknown}
 X - a potion of mutation {unknown}


   Skills:
 + Level 7.3 Fighting
 - Level 6.2(11.3) Short Blades
 * Level 14.4(14.8) Long Blades
 + Level 2.8 Throwing
 + Level 4.3 Armour
 + Level 5.1 Dodging
 + Level 8.2 Stealth
 + Level 7.0 Shields
 + Level 0.3 Evocations


You had 12 spell levels left.
You didn't know any spells.
Your spell library contained the following spells:

 Spells                   Type           Power      Damage    Failure   Level
 Animate Skeleton         Necr           0%         N/A       100%        1
 Apportation              Tloc           0%         N/A       100%        1
 Corona                   Hex            0%         N/A       100%        1
 Summon Small Mammal      Summ           0%         N/A       100%        1
 Irradiate                Conj/Tmut      0%         3d13      100%        5
 Blade Hands              Tmut           0%         N/A       100%        6
 Statue Form              Tmut/Erth      0%         N/A       100%        6
 Dragon Form              Tmut           0%         N/A       100%        7


Dungeon Overview and Level Annotations

Branches:
Dungeon (15/15)            Temple (1/1) D:5            Lair (0/6) D:9
    Orc (0/2) D:10         Depths (0/5) D:15
 Vaults: D:13-14

Altars:
Ashenzari
Cheibriados
Dithmenos
Elyvilon
Fedhas
Gozag
Hepliaklqana
Kikubaaqudgha
Makhleb
Nemelex Xobeh
Okawaru
Qazlal
Ru
Sif Muna
Trog
Uskayaw
Vehumet
Xom
Yredelemnul
Zin
The Shining One
Jiyva

Shops:
D:1 [*:(   D:2 :   D:4 [   D:5 [   D:12 *

Annotations:
D:6 2 transporters, Dordric's ghost, novice HOAK
D:7 2 transporters, Splishie's ghost, amateur GnWn
D:15 1 transporter, Roxanne; tardwrangler69's ghost, adept MfGl


Innate Abilities, Weirdness & Mutations

You have hoof-like feet.
You are mostly covered in large bone plates. (SH +6)
When hurt, damage is shared between your health and your magic reserves.
You regenerate magic rapidly.
A meltable shield of frost defends you. (SH +4)


Message History

* * * LOW HITPOINT WARNING * * *
You feel better.
The vault guard hits you but does no damage.
Space warps horribly around you!
* * * LOW HITPOINT WARNING * * *
Okay, then.
Unknown command.
Unknown command.
Unknown command.
Okay, then.
Unknown command.
Unknown command.
Unknown command.
Unknown command.
Okay, then.
Unknown command.
Throw: 83 darts (poison)
Press: ? - help, Q - select action, (/) - cycle Shift-Dir - straight line, f - vault guard
Aim: a vault guard, wielding a +1 long sword of distortion, wearing a +0 plate armour and wearing a +2 kite shield (moderately wounded, 68% to hit)
Okay, then.
Unknown command.
Unknown command.
Unknown command.
Okay, then.
Unknown command.
Unknown command.
Okay, then.
Unknown command.
Unknown command.
Unknown command.
Throw: 4 darts (curare)
Press: ? - help, Q - select action, (/) - cycle Shift-Dir - straight line, f - vault guard
Aim: a vault guard, wielding a +1 long sword of distortion, wearing a +0 plate armour and wearing a +2 kite shield (moderately wounded, 68% to hit)
You throw a curare-tipped dart.
The curare-tipped dart closely misses the vault guard.
The vault guard hits you with a +1 long sword of distortion.
* * * LOW HITPOINT WARNING * * *
Space bends around you.
You die...
Your body crumbles into a pile of gold.

#..≈≈ #.#.## #..≈≈
...#....# ##########..≈
...#.#.####...........≈ $
.. ..#...#..........>...≈
.(# ..#.... #............
....#.#... #..........##
....#..#.# #......uu..##
.....).#@# #..........##
.......p## #..........#
####....## ########.###
#######..### #.....#
#..........# #.#####
#..........#####.#######
#............#.........##
...........#$#...........
#..........#$....pp....#.


You could see a vault guard.

Vanquished Creatures
  Josephine (D:12)
  Erolcha (D:9)
  Harold (D:9)
  2 boulder beetles
  A vault guard (D:14)
  Erica (D:9)
  3 centaur warriors
  2 two-headed ogres
  A tengu warrior (D:15)
  A vampire mage (D:15)
  6 skeletal warriors
  An orc knight (D:15)
  2 deep elf pyromancers
  A necromancer (D:15)
  2 wizards
  3 cyclopes
  4 ugly things (D:14)
  2 manticores
  A wolf spider (D:10)
  A stone giant skeleton (D:15)
  A gargoyle (D:13)
  2 unseen horrors
  An efreet (D:10)
  A tengu conjurer (D:15)
  5 trolls
  A meliai (D:10)
  A polar bear (D:14)
  2 hornets
  A fire dragon zombie (D:15)
  2 centaur simulacra (D:14)
  4 slime creatures
  2 shadows
  2 wyverns
  A spriggan skeleton (D:15)
  A fire dragon skeleton (D:15)
  6 wraiths (D:12)
  11 yaks
  3 vampire mosquitoes
  Edmund (D:5)
  A warg (D:15)
  6 water moccasins
  4 acid dragons
  Duvessa (D:7)
  6 orc warriors
  An ice beast (D:14)
  2 black bears (D:9)
  2 ogres
  A hornet zombie (D:7)
  5 centaurs
  A kobold brigand (D:8)
  4 bullfrogs
  A wyvern zombie (D:7)
  A scorpion (D:9)
  A wyvern skeleton (D:7)
  Dowan (D:7)
  A killer bee (D:9)
  5 wights (D:9)
  A howler monkey (D:8)
  A crimson imp (D:7)
  4 centaur zombies
  A bullfrog zombie (D:6)
  2 hounds
  Crazy Yiuf (D:2)
  2 orc priests (D:11)
  A bullfrog skeleton (D:7)
  An iguana (D:5)
  15 orc wizards
  A killer bee zombie (D:5)
  A hound zombie (D:5)
  A hound skeleton (D:5)
  4 adders
  A howler monkey skeleton (D:7)
  2 white imps
  An ufetubus (D:4)
  A worm (D:2)
  2 dart slugs
  32 orcs
  5 endoplasms
  7 goblins
  3 hobgoblins
  10 kobolds
  3 quokkas
  6 ball pythons
  3 bats
  4 rats
245 creatures vanquished.

Vanquished Creatures (others)
  An orc wizard (D:7)
  45 fungi (D:9)
  49 plants (D:9)
  3 withered plants (D:15)
98 creatures vanquished.

Grand Total: 343 creatures vanquished

Notes
Turn   | Place    | Note
-------+----------+-------------------------------------------
     0 | D:1      | Snicker the Demonspawn Brigand began the quest for the Orb.
     0 | D:1      | Reached XP level 1. HP: 16/16 MP: 1/1
    31 | D:1      | Found Bietafix's Antique Armour Shoppe.
    70 | D:1      | Found Ravuleh's Book Boutique.
    85 | D:1      | Found Borent's Antique Weapon Emporium.
   314 | D:1      | Found Zomel's Assorted Antiques.
   354 | D:1      | Gained mutation: You have large cloven feet. [demonic
                  | ancestry]
   354 | D:1      | Reached XP level 2. HP: 13/22 MP: 2/2
   961 | D:2      | Found Agoxem's Book Shoppe.
  1471 | D:2      | Reached skill level 1 in Dodging
  1471 | D:2      | Gained mutation: A meltable shield of frost defends you.
                  | (SH +4) [demonic ancestry]
  1471 | D:2      | Reached XP level 3. HP: 27/27 MP: 3/3
  1483 | D:2      | Found a runed translucent door.
  1484 | D:2      | Noticed Crazy Yiuf
  1742 | D:2      | Killed Crazy Yiuf
  1902 | D:3      | Gained mutation: You regenerate magic rapidly. [demonic
                  | ancestry]
  1902 | D:3      | Reached XP level 4. HP: 33/33 MP: 4/4
  1975 | D:3      | Found a faded altar of an unknown god.
  2091 | D:3      | Reached skill level 5 in Stealth
  2118 | D:3      | Found a radiant altar of Vehumet.
  2612 | D:4      | Found Hifolafi's Armour Boutique.
  3317 | D:5      | Entered Level 5 of the Dungeon
  3365 | D:5      | Found a staircase to the Ecumenical Temple.
  3388 | D:5      | Gained mutation: You are partially covered in large bone
                  | plates. (SH +4) [demonic ancestry]
  3388 | D:5      | Reached XP level 5. HP: 38/38 MP: 5/5
  3434 | Temple   | Entered the Ecumenical Temple
  3670 | Temple   | Became a worshipper of Gozag Ym Sagoz the Greedy
  3799 | D:5      | Found Kutsieg's Antique Armour Emporium.
  3979 | D:5      | Found a blossoming altar of Fedhas.
  4366 | D:5      | Bought an ichor-stained robe for 182 gold pieces
  4366 | D:5      | Identified the +1 robe of the Fiddle {MP+9 Str+3 Int-3}
                  | (You bought it in a shop on level 5 of the Dungeon)
  4565 | D:5      | Noticed Edmund
  4589 | D:5      | Killed Edmund
  4590 | D:5      | Reached skill level 1 in Shields
  4590 | D:5      | Reached XP level 6. HP: 5/46 MP: 6/6
  5226 | D:6      | Noticed an orc warrior
  5262 | D:6      | Killed an orc warrior
  5263 | D:6      | Gained mutation: When hurt, damage is shared between your
                  | health and your magic reserves. [demonic ancestry]
  5263 | D:6      | Reached XP level 7. HP: 26/51 MP: 7/7
  5777 | D:6      | Found a transporter.
  5874 | D:6      | Found a sacrificial altar of Ru.
  6018 | D:6      | Found a transporter.
  6030 | D:6      | Noticed a freezing wraith
  6031 | D:6      | Noticed Dordric's ghost (novice HOAK)
  6264 | D:1      | Bought a fine scale mail for 225 gold pieces
  6264 | D:1      | Identified the +1 scale mail "Piber" {Harm rF- Dex+6} (You
                  | bought it in a shop on level 1 of the Dungeon)
  6740 | D:7      | Found an ancient bone altar of Kikubaaqudgha.
  6896 | D:7      | Gained mutation: You have hoof-like feet. [demonic
                  | ancestry]
  6896 | D:7      | Reached XP level 8. HP: 20/58 MP: 8/8
  7113 | D:7      | Noticed Duvessa
  7113 | D:7      | Noticed Dowan
  7117 | D:7      | Killed Dowan
  7123 | D:7      | Identified 2 scrolls of acquirement
  7123 | D:7      | Acquired a +0 pair of gloves of stealth
  7154 | D:7      | Killed Duvessa
  7334 | D:7      | Found a shimmering altar of Xom.
  7334 | D:7      | Found a burning altar of Makhleb.
  7454 | D:7      | Reached skill level 5 in Short Blades
  7472 | D:7      | Found a transporter.
  7531 | D:7      | Noticed Splishie's ghost (amateur GnWn)
  7543 | D:7      | Found a transporter.
  8565 | D:8      | Reached XP level 9. HP: 58/65 MP: 9/9
  8918 | D:1      | Bought a glimmering great sword for 264 gold pieces
  8918 | D:1      | Identified the +9 great sword of Otapp {vorpal, rC+ rN+
                  | Will-} (You bought it in a shop on level 1 of the Dungeon)
  9209 | D:8      | Found an iron altar of Okawaru.
  9213 | D:8      | Found a shadowy altar of Dithmenos.
  9312 | D:8      | Found a basalt altar of Yredelemnul.
  9422 | D:8      | Reached skill level 1 in Long Blades
  9931 | D:9      | Reached skill level 2 in Long Blades
  9965 | D:9      | Reached skill level 5 in Shields
  9984 | D:9      | Noticed Erica
 10004 | D:9      | Reached skill level 3 in Long Blades
 10060 | D:9      | Killed Erica
 10061 | D:9      | Reached skill level 4 in Long Blades
 10064 | D:9      | Reached skill level 5 in Long Blades
 10064 | D:9      | Reached XP level 10. HP: 64/72 MP: 10/10
 10115 | D:9      | Found a staircase to the Lair.
 10376 | D:9      | Found the +15 Maxwell's patent armour {-Cast -Tele rElec
                  | Will+ rCorr}
 10573 | D:9      | Reached skill level 5 in Dodging
 10748 | D:5      | Bought an emerald-studded chain mail for 304 gold pieces
 10748 | D:5      | Identified the +0 chain mail of the Shining Light {rPois
                  | rF- Regen+ Int-2} (You bought it in a shop on level 5 of
                  | the Dungeon)
 11016 | D:9      | Reached skill level 6 in Long Blades
 11110 | D:9      | Noticed Harold
 11119 | D:9      | Killed Harold
 11120 | D:9      | Reached skill level 7 in Long Blades
 11120 | D:9      | Reached skill level 1 in Armour
 11133 | D:9      | Noticed Erolcha
 11142 | D:9      | Killed Erolcha
 11143 | D:9      | Reached skill level 8 in Long Blades
 11163 | D:9      | Reached skill level 5 in Fighting
 11223 | D:9      | Found a hazy altar of Hepliaklqana.
 11248 | D:10     | Entered Level 10 of the Dungeon
 11514 | D:10     | Found a staircase to the Orcish Mines.
 11534 | D:10     | Reached XP level 11. HP: 79/79 MP: 11/11
 11661 | D:10     | Reached skill level 9 in Long Blades
 11678 | D:10     | Noticed a centaur warrior
 11682 | D:10     | Noticed a wolf spider
 11682 | D:10     | Noticed a wizard
 11688 | D:10     | Killed a centaur warrior
 11694 | D:10     | Killed a wolf spider
 11699 | D:10     | Killed a wizard
 11704 | D:10     | Reached skill level 10 in Long Blades
 12237 | D:10     | Identified the +10 whip "Lilaok" {venom, Drain rC+ Str+4
                  | Dex+2}
 12763 | D:11     | Noticed a two-headed ogre
 12772 | D:11     | Killed a two-headed ogre
 13126 | D:12     | Noticed a skeletal warrior
 13126 | D:12     | Noticed a skeletal warrior
 13149 | D:12     | Killed a skeletal warrior
 13150 | D:12     | Reached skill level 11 in Long Blades
 13151 | D:12     | Killed a skeletal warrior
 13205 | D:12     | Noticed a skeletal warrior
 13206 | D:12     | Noticed a skeletal warrior
 13230 | D:12     | Killed a skeletal warrior
 13256 | D:12     | Killed a skeletal warrior
 13257 | D:12     | Gained mutation: You are mostly covered in large bone
                  | plates. (SH +6) [demonic ancestry]
 13257 | D:12     | Reached XP level 12. HP: 22/88 MP: 6/12
 13551 | D:12     | Noticed Josephine
 13580 | D:12     | Killed Josephine
 13795 | D:12     | Reached skill level 12 in Long Blades
 13878 | D:12     | Bought a scratched glass ring for 195 gold pieces
 13957 | D:12     | Bought a tubular bronze ring for 195 gold pieces
 14065 | D:12     | Noticed a two-headed ogre
 14083 | D:12     | Killed a two-headed ogre
 15210 | D:13     | You fall into a shaft and drop 2 floors!
 15210 | D:15     | Entered Level 15 of the Dungeon
 15366 | D:15     | Noticed a boulder beetle
 15376 | D:15     | Killed a boulder beetle
 15398 | D:15     | Noticed a tengu warrior
 15422 | D:15     | Killed a tengu warrior
 15423 | D:15     | Reached skill level 13 in Long Blades
 15629 | D:15     | Noticed Roxanne
 15703 | D:15     | Noticed a centaur warrior
 15707 | D:15     | Noticed a seven-headed hydra
 15712 | D:15     | Killed a centaur warrior
 15718 | D:15     | Noticed tardwrangler69's ghost (adept MfGl)
 15772 | D:14     | Noticed a boulder beetle
 15775 | D:14     | Noticed a centaur warrior
 15793 | D:14     | Killed a centaur warrior
 15822 | D:14     | Killed a boulder beetle
 15834 | D:14     | Reached XP level 13. HP: 38/96 MP: 8/13
 16177 | D:15     | Found a staircase to the Depths.
 16190 | D:15     | Noticed a jiangshi
 16204 | D:15     | Reached skill level 14 in Long Blades
 16218 | D:15     | HP: 4/96 [skeletal warrior/+0 war axe (11)]
 16808 | D:15     | Found a transporter.
 17166 | D:14     | HP: 4/96 [vault guard/+1 long sword of distortion (14)]
 17167 | D:14     | Slain by a vault guard

Illustrated notes

Levels and vault maps discovered:
D:1:      saegor_arrival_simple_e, layout_rooms, serial_shops, shop_fountains,
          shop_fountains, shop, shop
D:2:      layout_rooms, serial_shops, nicolae_shop_trees, kennysheep_donut,
          uniq_crazy_yiuf_cottage
D:3:      layout_loops_ring, tso_altar, fiery_altar_vehumet,
          shapermc_ecumenical_altar_flowoftime, minmay_misc_feat_doors
D:4:      layout_basic, serial_shops, shop_statue
D:5:      kennysheep_spiral_hall, layout_basic, amcnicky_altar_gilded,
          minmay_temple_entry_junction, serial_shops, shop, hex_large,
          uniq_edmund
D:6:      layout_basic, nicolae_ru_great_annihilating_truth,
          gammafunk_ghost_arena, grunt_decor_one_mirror
D:7:      layout_layer_cave, grunt_temple_overflow_champion_of_chaos,
          kennysheep_mini, gammafunk_ghost_stat_death, minmay_misc_feat_iff,
          uniq_duvessa
D:8:      layout_cave_pods, nicolae_overflow_hidden_temple,
          grunt_temple_overflow_open, serial_column_ruins,
          column_ruins_courtyard_long, column_ruins_open_tiny,
          column_ruins_open_small, column_ruins_open_small
D:9:      layout_loops_ring, kennysheep_little_box, due_lair_maze_entry_diamond,
          uniq_harold, uniq_erica, uniq_erolcha
D:10:     layout_basic, david_orc_2, minmay_fractal_squares_gapless_7
D:11:     layout_rooms
D:12:     layout_layer_cave, drop_trap, uniq_josephine
D:13:     minmay_nested_s, layout_stronghold
D:14:     layout_roguey, erik_vaults_2, hangedman_decor_peaks_small, serial_ice,
          serial_ice_i, serial_ice_a, serial_ice_o, serial_ice_m, serial_ice_e,
          serial_ice_d, serial_ice_h, serial_ice_b,
          nicolae_dithmenos_through_a_glass_darkly
D:15:     gammafunk_depths_entry_grave, layout_loops_ring,
          minmay_misc_feat_cross, gammafunk_ghost_berserking_beasts,
          uniq_roxanne
Temple:   pf_slime_end_temple

Skill      XL: |  1  2  3  4  5  6  7  8  9 10 11 12 13 |
---------------+----------------------------------------+-----
Stealth        | 4 5 6 7 8 |  8.2
Dodging        | 1 2 4 5 |  5.1
Short Blades   | 2 3 4 5 6 |  6.2
Throwing       | 2 |  2.8
Shields        | 1 2 4 5 6 7 |  7.0
Fighting       | 3 4 5 6 7 |  7.3
Long Blades    | 5 8 11 13 14 | 14.4
Armour         | 2 3 4 |  4.3
Evocations     | |  0.3

Action                   |  1- 3 |  4- 6 |  7- 9 | 10-12 | 13-15 || total
-------------------------+-------+-------+-------+-------+-------++-------
Melee: Dagger            |    90 |   162 |   280 |    13 |       ||   545
       Kick              |    14 |    54 |   107 |   158 |    56 ||   389
       Great sword       |       |       |    41 |   452 |   111 ||   604
Throw: Dart              |     5 |    14 |     3 |     1 |     2 ||    25
       Throwing net      |       |       |       |       |     2 ||     2
Invok: Potion Petition   |       |       |       |     1 |       ||     1
       Call Merchant     |       |       |       |     1 |       ||     1
Evoke: Wand              |       |       |       |       |     6 ||     6
  Use: Potion            |       |     2 |     2 |     4 |     4 ||    12
       Scroll            |       |       |     4 |     1 |       ||     5
 Stab: Sleeping          |     7 |     5 |     5 |       |       ||    17
       Paralysed         |       |       |     1 |       |       ||     1
       Distracted        |       |       |     3 |     2 |     1 ||     6
       Held in net/web   |       |       |       |       |     2 ||     2
Armor: Robe              |    27 |    18 |    46 |     1 |       ||    92
       Plate armour      |       |       |       |   355 |    64 ||   419
Dodge: Dodged            |    45 |    55 |   155 |   143 |    15 ||   413
Block: Other             |     1 |     7 |    33 |   200 |    36 ||   277
       Buckler           |       |    47 |   105 |       |       ||   152
       Rpst.: Great sword |       |       |    12 |    25 |     3 ||    40

Table legend: (Time is in decaauts)
 A = Elapsed time spent in this place.
 B = Non-inter-level travel time spent in this place.
 C = Inter-level travel time spent in this place.
 D = Time resting spent in this place.
 E = Time spent auto-exploring this place.
 F = Levels seen in this place.
 G = Mean time per level.
                   A        B        C        D        E       F      G
               +--------+--------+--------+--------+--------+-----+--------+
         Total |  17157 |  15716 |   1441 |   2221 |  10499 |  16 | 1072.3 |
       Dungeon |  16904 |  15491 |   1413 |   2221 |  10276 |  15 | 1126.9 |
        Temple |    253 |    225 |     28 |      0 |    223 |   1 |  253.0 |
               +--------+--------+--------+--------+--------+-----+--------+

Top non-repeatable levels by time:
     D:5: 2090 daAuts
     D:7: 1954 daAuts
    D:12: 1797 daAuts
     D:2: 1276 daAuts
    D:15: 1196 daAuts
    D:10: 1147 daAuts
     D:9: 1116 daAuts
     D:6: 1107 daAuts
     D:8: 1031 daAuts
     D:4: 874 daAuts
     D:3: 775 daAuts
    D:14: 768 daAuts
    D:11: 717 daAuts
     D:1: 716 daAuts
    D:13: 334 daAuts
